 Dungeon Crawl Stone Soup version 0.31-a0-986-g5e6e4ef867 (webtiles) character file.

Game seed: 10646857220036517212

130152 Skeral the Brawler (level 16, -16/180 HPs)
             Began as a Troll Artificer on Nov 9, 2023.
             Was the Champion of Wu Jian.
             Killed from afar by a shock serpent (20 damage)
             ... with a bolt of electricity
             ... on level 1 of the Snake Pit.
             The game lasted 01:25:48 (23056 turns).

Skeral the Brawler (Troll Artificer)               Turns: 23056, Time: 01:25:49

Health: -16/180    AC: 14    Str: 20    XL:     16   Next: 52%
Magic:  15/15      EV: 13    Int: 13    God:    Wu Jian [******]
Gold:   2144       SH:  0    Dex: 16    Spells: 15/15 levels left

rFire   + .          .
                       - Unarmed
rCold   . . .        (no shield)
rNeg    . . .        J - +5 robe of Night {Dark Will+ SInv}
rPois   +            n - +2 hat
rElec   .            p - +2 cloak {Will+}
rCorr   .            (gloves unavailable)
SInv    +            (boots unavailable)
Will    +++..        g - amulet of regeneration
Stlth   ++           Q - ring of Uhukke {rPois rF+ Str-4 Int+6}
HPRegen 2.10/turn    Y - +4 ring of slaying
MPRegen 0.14/turn

%: no passive effects
@: no status effects
A: large, unfitting armour, claws 3, regeneration 1, shaggy fur 1, tough skin 1
a: Renounce Religion, Wall Jump, Serpent's Lash, Heavenly Storm


You were on level 1 of the Snake Pit.
You worshipped Wu Jian.
Wu Jian was exalted by your worship.
You visited 6 branches of the dungeon, and saw 25 of its levels.
You also visited: Bailey and Gauntlet.

You collected 3430 gold pieces.
You spent 1286 gold pieces at shops.


Innate Abilities, Weirdness & Mutations

You are too large for most types of armour.
You have claws for hands.
Your natural rate of healing is unusually fast.
You are covered in fur. (AC +1)
You have tough skin. (AC +1)


   Skills:
 + Level 16.4 Fighting
 + Level 10.8 Throwing
 + Level 7.2 Dodging
 - Level 0.3 Stealth
 + Level 18.5 Unarmed Combat
 - Level 2.1 Evocations
 - Level 0.7 Shapeshifting


You had 15 spell levels left.
You didn't know any spells.
Your spell library contained the following spells:

 Spells                   Type           Power      Damage    Failure   Level
 Freeze                   Ice            0%         1d3       30%         1
 Slow                     Hex            0%         N/A       30%         1
 Ensorcelled Hibernation  Hex/Ice        0%         N/A       43%         2
 Jinxbite                 Hex            0%         N/A       43%         2
 Scorch                   Fire           0%         2d5       43%         2
 Static Discharge         Conj/Air       0%         3-3/arc   43%         2
 Wereblood                Tmut           0%         N/A       43%         2
 Confusing Touch          Hex            0%         N/A       67%         3
 Dazzling Flash           Conj/Hex       0%         N/A       67%         3
 Frozen Ramparts          Ice            0%         1d1       67%         3
 Hailstorm                Conj/Ice       0%         3d3       67%         3
 Sigil of Binding         Hex            0%         N/A       67%         3
 Vampiric Draining        Necr           0%         2d6       67%         3
 Volatile Blastmotes      Fire/Tloc      0%         2d10      67%         3
 Airstrike                Air            0%         2d(0-16)  97%         4
 Anguish                  Hex/Necr       0%         N/A       97%         4
 Flame Wave               Conj/Fire      0%         2d4       97%         4
 Fulminant Prism          Conj/Hex       0%         3d5       97%         4
 Iskenderun's Mystic Bla  Conj/Tloc      0%         2d3       97%         4
 Olgreb's Toxic Radiance  Pois           0%         N/A       97%         4
 Summon Ice Beast         Ice/Summ       0%         N/A       97%         4
 Summon Lightning Spire   Summ/Air       0%         N/A       97%         4
 Agony                    Necr           0%         N/A       100%        5
 Irradiate                Conj/Tmut      0%         3d11      100%        5
 Silence                  Hex/Air        0%         N/A       100%        5
 Simulacrum               Ice/Necr       0%         N/A       100%        6
 Summon Cactus Giant      Summ           0%         N/A       100%        6
 Haunt                    Necr/Summ      0%         N/A       100%        7
 Borgnjor's Revivificati  Necr           0%         N/A       100%        8
 Discord                  Hex            0%         N/A       100%        8
 Ignition                 Fire           0%         3d3       100%        8
 Death's Door             Necr           0%         N/A       100%        9

Inventory:

Missiles
 o - 17 boomerangs (quivered)
 t - 34 large rocks {=f}
 v - 22 poisoned darts
 y - 33 javelins
 D - 6 throwing nets {=f!f}
 H - 4 curare-tipped darts {=f}
Armour
 n - a +2 hat (worn)
   (You bought it in a shop on level 1 of the Orcish Mines)
 p - a +2 cloak of willpower (worn)
   (You found it on level 1 of the Lair of Beasts)
 J - the +5 robe of Night (worn) {Dark Will+ SInv}
   (You found it on level 7 of the Dungeon)

   Dark:      It shrouds the wearer in darkness, reducing the range at which
   they can see and be seen by others.
   Will+:     It increases your willpower.
   SInv:      It lets you see invisible.
Jewellery
 b - a ring of willpower
   (You found it on level 2 of the Dungeon)
 g - an amulet of regeneration (around neck)
   (You bought it in a shop on level 3 of the Dungeon)
 C - a ring of protection from cold
   (You took it off a minotaur in a Gauntlet)
 F - a ring of protection from fire
   (You found it on level 3 of the Dungeon)
 G - an amulet of guardian spirit
   (You found it in a Gauntlet)
 Q - the ring of Uhukke (left claw) {rPois rF+ Str-4 Int+6}
   (You found it in a Gauntlet)

   [ring of intelligence]

   Str-4:     It affects your strength (-4).
   Int+6:     It affects your intelligence (+6).
   rF+:       It protects you from fire.
   rPois:     It protects you from poison
 Y - a +4 ring of slaying (right claw)
   (You found it on level 3 of the Dungeon)
Talismans
 T - a maw talisman
   (You found it on level 13 of the Dungeon)
Wands
 a - a wand of acid (3)
   (You found it on level 5 of the Dungeon)
 d - a wand of charming (11)
 e - a wand of iceblast (28)
 O - a wand of flame (74)
 U - a wand of mindburst (11)
   (You found it on level 14 of the Dungeon)
Scrolls
 f - a scroll of fog
 l - 3 scrolls of immolation {!r!r}
 r - 7 scrolls of teleportation {@r4}
 x - 3 scrolls of poison {!r}
 z - 3 scrolls of revelation
 A - 6 scrolls of vulnerability {!r!r}
 B - a scroll of blinking {!r}
 E - 3 scrolls of amnesia
 L - 6 scrolls of enchant armour
 S - a scroll of butterflies
Potions
 h - 3 potions of haste {@q3}
 i - 3 potions of brilliance
 j - 5 potions of resistance
 k - 7 potions of mutation {!q}
 m - 4 potions of enlightenment
 q - 2 potions of attraction {!q}
 s - a potion of cancellation
 u - 2 potions of berserk rage {!q}
 I - 3 potions of curing {@q1}
 K - 10 potions of ambrosia
 N - a potion of magic
 P - 5 potions of might
 R - 4 potions of lignification {!q}

Dungeon Overview and Level Annotations

Branches:
Dungeon (15/15) Zot: 25793  Temple (1/1) D:4 Zot: 5861    Lair (5/5) D:11 Zot: 24683
 Shoals (0/4) Lair:2        Snake (1/4) Lair:3 Zot: 5163   Slime (0/5) Lair:5
    Orc (2/2) D:10 Zot: 10564     Elf (0/3) Orc:2        Vaults (0/5) D:13
 Depths (1/4) D:15 Zot: 5984  Bailey (visited)         Gauntlet (visited)

Altars:
Ashenzari
Cheibriados
Dithmenos
Elyvilon
Fedhas
Gozag
Hepliaklqana
Kikubaaqudgha
Makhleb
Nemelex Xobeh
Okawaru
Qazlal
Ru
Sif Muna
Trog
Uskayaw
Vehumet
Wu Jian
Xom
Yredelemnul
Zin
The Shining One
Jiyva

Shops:
D:2 [   D:3 =   D:4 *   Orc:1 [   Orc:2 =:(!

Portals:
Abyss: Snake:1

Annotations:
D:6 1 runed translucent door, XomNomNom's ghost, novice HOFi
Temple 2 transporters
Lair:5 2 transporters
Snake:1 2 transporters

######### ##.....§.#
##....##§b##
#....##§@bb##
#...##bb§bbb##
#..##≈bbSbb~b#
########..#≈bSSS.bb≈b
#...##....#~bb.#b..bb
##...##....#≈~b..#b.~~
#....##....#≈S...S.~.≈
.....##....#≈≈S.....~≈
.#.........##~~...~~≈#


You could see 3 shock serpents and an electric eel (ally target).


Message History

The shock serpent closely misses you.
The electric eel shoots out a bolt of lightning at you!
The bolt of electricity hits you!
The electric eel shoots out a bolt of lightning at you!
The bolt of electricity hits you. 😮 HP[-22]
You take 22 damage, and now have 132/180 hp.
The electric eel shoots out a bolt of lightning at you!
The bolt of electricity hits you! 😮 HP[-7]
You take 7 damage, and now have 125/180 hp.
The shock serpent shoots out a bolt of lightning at you!
The bolt of electricity hits you! 😮 HP[-11]
You take 11 damage, and now have 114/180 hp.
The shock serpent shoots out a bolt of lightning at you!
The bolt of electricity hits the shock serpent.
The shock serpent completely resists.
The bolt of electricity hits the shock serpent.
The shock serpent completely resists.
The bolt of electricity hits you.
The shock serpent shoots out a bolt of lightning at you!
The bolt of electricity hits the shock serpent.
The shock serpent completely resists.
The bolt of electricity hits you!!
* * * LOW HITPOINT WARNING * * *
The electric eel shoots out a bolt of lightning at you!
The bolt of electricity hits you.
* * * LOW HITPOINT WARNING * * *
The shock serpent shoots out a bolt of lightning at you!
The bolt of electricity hits you!!
* * * LOW HITPOINT WARNING * * *
The electric eel shoots out a bolt of lightning at you!
The bolt of electricity hits you.
* * * LOW HITPOINT WARNING * * *
The bolt of electricity hits you!
* * * LOW HITPOINT WARNING * * *
The shock serpent shoots out a bolt of lightning at you!
The bolt of electricity hits you!!
* * * LOW HITPOINT WARNING * * *
The electric eel shoots out a bolt of lightning at you!
The bolt of electricity hits you!
* * * LOW HITPOINT WARNING * * *
😱 HP[-86]
You take 86 damage, and now have 28/180 hp.
MASSIVE DAMAGE!! (PAUSE)
As you read the scroll of butterflies, it crumbles to dust.
You hear the flapping of tiny wings.
The shock serpent is knocked back by the sudden gust.
The shock serpent bites your butterfly.
Your butterfly dies!
Your butterfly disappears in a burst of colours!
The shock serpent shoots out a bolt of lightning at you!
The bolt of electricity hits your butterfly!!
Your butterfly dies!
Your butterfly disappears in a burst of colours!
The bolt of electricity hits your butterfly!!
Your butterfly dies!
Your butterfly disappears in a burst of colours!
The bolt of electricity misses your butterfly.
The bolt of electricity hits you!
* * * LOW HITPOINT WARNING * * *
The bolt of electricity misses your butterfly.
The shock serpent bites your butterfly!!
Your butterfly dies!
Your butterfly disappears in a burst of colours! 😱 HP[-15]
You take 15 damage, and now have 13/180 hp.
Okay, then.
You feel much better.
The shock serpent shoots out a bolt of lightning at you!
The bolt of electricity hits your butterfly!!
Your butterfly dies!
Your butterfly disappears in a burst of colours!
The bolt of electricity hits you!
* * * LOW HITPOINT WARNING * * *
The bolt of electricity hits your butterfly!!
Your butterfly dies!
Your butterfly disappears in a burst of colours!
The bolt of electricity hits your butterfly!!
Your butterfly dies!
Your butterfly disappears in a burst of colours!
The shock serpent shoots out a bolt of lightning at you!
The bolt of electricity hits your butterfly!!
Your butterfly dies!
Your butterfly disappears in a burst of colours!
The bolt of electricity hits you!!
* * * LOW HITPOINT WARNING * * *
The bolt of electricity hits your butterfly!
Your butterfly dies!
Your butterfly disappears in a burst of colours!
The bolt of electricity hits your butterfly!!
Your butterfly dies!
Your butterfly disappears in a burst of colours! 😱 HP[-11]
You take 11 damage, and now have 2/180 hp.
As you read the scroll of fog, it dissolves into smoke.
The shock serpent barely misses your butterfly.
The shock serpent closely misses your butterfly.
The shock serpent shoots out a bolt of lightning at you!
The bolt of electricity hits you!!
You die...

Skill      XL: |  1  2  3  4  5  6  7  8  9 10 11 12 13 14 15 16 |
---------------+-------------------------------------------------+-----
Fighting       | 1 2 3 4 5 6 8 9 11 12 14 15 16 | 16.4
Unarmed Combat | 1 2 3 4 5 6 8 10 11 13 14 16 18 | 18.5
Dodging        | 4 6 7 |  7.2
Throwing       | 3 5 8 10 | 10.8
Stealth        | |  0.3
Evocations     | |  2.1
Shapeshifting  | |  0.7

Action                     |  1- 3 |  4- 6 |  7- 9 | 10-12 | 13-15 | 16-18 || total
---------------------------+-------+-------+-------+-------+-------+-------++-------
  Melee: Unarmed           |   178 |   129 |   233 |   573 |  1246 |   244 ||  2603
         Punch             |     2 |     1 |     7 |    42 |   134 |    30 ||   216
         Dagger            |       |       |     5 |       |       |       ||     5
         Bardiche          |       |       |       |     8 |       |       ||     8
  Throw: Dart              |       |       |       |    14 |    15 |     3 ||    32
         Boomerang         |       |       |       |     5 |    20 |     3 ||    28
         Javelin           |       |       |       |       |    12 |       ||    12
 Invoke: Serpent's Lash    |       |       |       |    10 |    17 |     3 ||    30
Ability: Lunge             |       |     5 |    33 |    66 |   124 |    26 ||   254
         Whirlwind         |       |       |    24 |    38 |   142 |    11 ||   215
  Evoke: Wand              |       |       |     5 |     3 |     5 |     2 ||    15
    Use: Scroll            |       |     1 |     9 |     6 |    16 |     4 ||    36
         Potion            |       |       |       |     1 |       |     2 ||     3
   Stab: Sleeping          |     1 |     3 |     6 |     1 |     6 |     2 ||    19
         Distracted        |       |       |       |     2 |     3 |       ||     5
         Petrified         |       |       |       |       |     3 |       ||     3
 Armour: Robe              |    77 |    76 |   161 |   449 |   952 |   213 ||  1928
  Dodge: Dodged            |    50 |    49 |   108 |   271 |   593 |   122 ||  1193

Levels and vault maps discovered:
D:1:      elethiomel_arrival_infinity_welcomes_careful_drivers, layout_rooms,
          serial_forest, infiniplex_forest_end_3,
          infiniplex_forest_lined_room_2, infiniplex_forest_clump_curved,
          infiniplex_forest_end_3, infiniplex_forest_clump_double,
          infiniplex_forest_straight_1, infiniplex_forest_join
D:2:      layout_basic, basic_altar, serial_shops,
          nicolae_shop_tiny_real_fake_doors
D:3:      layout_basic, grunt_temple_overflow_lords_of_destruction,
          serial_shops, nicolae_shop_tiny_glass
D:4:      layout_cave_pods, lemuel_mausoleum_altar_yredelemnul, temple_green,
          serial_shops, shop, kennysheep_small_square
D:5:      layout_layer_cave, nicolae_overflow_crystal_walls
D:6:      layout_loops_ring, hellmonk_ghost_happy_afterlife, grunt_ministairs_1,
          chequers_decorated_corner
D:7:      layout_rooms, hellmonk_guarded_unrand_night
D:8:      layout_basic, enter_bailey_2, uniq_maggie, uniq_erica
D:9:      layout_basic, nemelex_diamond_rough_becter
D:10:     layout_gridville, chequers_temple_overflow_minitemple, david_orc_3,
          special_room [special_room_bee], uniq_joseph
D:11:     layout_long_grid, due_lair_maze_entry_diamond, serial_undead,
          serial_undead_c, serial_undead_b, serial_undead_a, serial_undead_a,
          uniq_lodul
D:12:     layout_small_grid, minmay_puff
D:13:     layout_loops_ring, erik_vaults_2
D:14:     layout_basic, nicolae_vehumet_radiance, roadster_capsule_ark_zombie
D:15:     grunt_enter_depths_hoard, layout_rooms, minmay_misc_feat_nine_boxes,
          fedhas_altar_3
Temple:   hellmonk_temple_divided_pantheon
Lair:1:   layout_cave_pods, gammafunk_ghost_berserking_beasts, basic_altar,
          st_stairs_7, serial_bayou_pond_c, uniq_grum
Lair:2:   regret_index_bee_streams, layout_chaotic_city,
          minmay_shoals_entry_centaurs, uniq_gastronok, uniq_prince_ribbit2
Lair:3:   layout_chaotic_city, nicolae_snake_entry_warm_welcome
Lair:4:   layout_small_grid, lemuel_old_faithful, serial_bayou_shore_b,
          grunt_megastairs_1
Lair:5:   hangedman_lair_in_review, layout_regular_city,
          hangedman_lair_caniforms_friends, slime_entry_1, gammafunk_ghost_hive
Snake:1:  nicolae_snake_attic_fulla_snakes, layout_rooms,
          gammafunk_ghost_abyssal_escape, nicolae_snake_bzzzt,
          nicolae_triple_integral
Orc:1:    layout_diamond_mine, serial_shops, nicolae_shop_advertising_works
          [nicolae_subvault_shop_adworks], hellmonk_guarded_unrand_dark_maul
Orc:2:    kennysheep_orc_mage_school, layout_caves, gauntlet_entry_generic
Depths:1: evilmike_silver_temple, layout_basic, grunt_mini_vestibule,
          serial_shops, shop, hangedman_aerie_drop, uniq_norris

Notes
Turn   | Place    | Note
-------+----------+-------------------------------------------
     0 | D:1      | Skeral the Troll Artificer began the quest for the Orb.
     0 | D:1      | Reached XP level 1. HP: 18/18 MP: 0/0
     0 | D:1      | magus.rc [v1.10.3]
    38 | D:1      | Reached skill level 1 in Fighting
   109 | D:1      | Reached skill level 1 in Unarmed Combat
   114 | D:1      | Reached XP level 2. HP: 27/27 MP: 1/1
   589 | D:1      | Reached XP level 3. HP: 35/35 MP: 2/2
   922 | D:2      | Reached skill level 2 in Fighting
   922 | D:2      | Reached skill level 2 in Unarmed Combat
   985 | D:2      | Found a shimmering blue altar of Sif Muna.
  1263 | D:2      | Found Ofaddiusi's Antique Armour Shoppe.
  1266 | D:2      | Bought a shimmering robe for 125 gold pieces
  1266 | D:2      | Identified the +1 robe "Zodou" {Drain rElec Str+3} (You
                  | bought it in a shop on level 2 of the Dungeon)
  1312 | D:2      | Reached XP level 4. HP: 37/42 MP: 3/3
  1856 | D:3      | Found a radiant altar of Vehumet.
  1856 | D:3      | Found a burning altar of Makhleb.
  1864 | D:3      | Reached skill level 3 in Unarmed Combat
  1864 | D:3      | Reached XP level 5. HP: 34/52 MP: 4/4
  2040 | D:3      | Reached skill level 3 in Fighting
  2326 | D:3      | Found Cuekor's Jewellery Shop.
  2566 | D:4      | Found Ytalosar's Assorted Antiques.
  2571 | D:4      | Bought 3 scrolls labelled CEIQ UTHYFAE for 66 gold pieces
  2726 | D:4      | Reached skill level 4 in Unarmed Combat
  2769 | D:4      | You pick up a book of Frost and begin reading...
  2769 | D:4      | You add the spells Freeze, Frozen Ramparts and Hailstorm to
                  | your library.
  2812 | D:4      | Found a staircase to the Ecumenical Temple.
  2822 | Temple   | Found a transporter.
  2822 | Temple   | Found a transporter.
  2822 | Temple   | Found a transporter.
  2822 | Temple   | Found a transporter.
  2822 | Temple   | Entered the Ecumenical Temple
  2944 | Temple   | Became a worshipper of the Wu Jian Council
  3026 | D:4      | Reached XP level 6. HP: 59/61 MP: 5/5
  3042 | D:4      | Identified the +6 dagger of Greed {venom, *Noise rC+ Dex+2
                  | SInv}
  3537 | D:4      | Found a basalt altar of Yredelemnul.
  3548 | D:4      | Reached skill level 4 in Fighting
  3569 | D:4      | Reached skill level 5 in Unarmed Combat
  3577 | D:4      | Reached XP level 7. HP: 53/70 MP: 6/6
  3616 | D:4      | Reached * piety under Wu Jian
  3685 | D:5      | Entered Level 5 of the Dungeon
  3818 | D:5      | Reached skill level 5 in Fighting
  3877 | D:5      | Reached skill level 6 in Unarmed Combat
  4054 | D:5      | Found an iron altar of Okawaru.
  4370 | D:5      | Reached XP level 8. HP: 57/81 MP: 7/7
  4390 | D:5      | Reached skill level 7 in Unarmed Combat
  4698 | D:5      | Reached skill level 6 in Fighting
  5037 | D:6      | Reached ** piety under Wu Jian
  5328 | D:6      | Found a runed translucent door.
  5328 | D:6      | Noticed XomNomNom's ghost (novice HOFi)
  5465 | D:6      | Reached skill level 8 in Unarmed Combat
  5738 | D:7      | Reached XP level 9. HP: 83/92 MP: 8/8
  5759 | D:7      | Reached skill level 7 in Fighting
  5825 | D:7      | Reached skill level 9 in Unarmed Combat
  5846 | D:7      | Reached skill level 8 in Fighting
  5851 | D:7      | Found the +5 robe of Night {Dark Will+ SInv}
  6034 | D:7      | Reached skill level 10 in Unarmed Combat
  6408 | D:8      | Reached XP level 10. HP: 65/101 MP: 9/9
  6439 | D:8      | Found a flagged portal.
  6448 | D:8      | Reached *** piety under Wu Jian
  6569 | Bailey   | Entered a bailey
  6600 | Bailey   | Reached skill level 2 in Dodging
  6797 | Bailey   | Reached skill level 1 in Throwing
  6967 | Bailey   | Reached skill level 9 in Fighting
  7083 | Bailey   | Reached skill level 2 in Throwing
  7133 | Bailey   | Reached **** piety under Wu Jian
  7174 | Bailey   | Reached skill level 3 in Dodging
  7352 | Bailey   | Identified the +4 executioner's axe "Alaptyso" {vamp,
                  | *Noise Str+2 Int+3}
  7353 | Bailey   | O - the +4 executioner's axe "Alaptyso" {vamp, *Noise Str+2
                  | Int+3, rare}
  7531 | D:8      | You drop the +4 executioner's axe "Alaptyso" {vamp, *Noise
                  | Str+2 Int+3, rare}.
  7578 | D:8      | Paralysed by a hornet for 3 turns
  7662 | D:8      | Noticed Maggie
  7670 | D:8      | Killed Maggie
  7671 | D:8      | Reached skill level 3 in Throwing
  7722 | D:8      | Reached skill level 11 in Unarmed Combat
  7875 | D:8      | Noticed Erica
  7883 | D:8      | Killed Erica
  7884 | D:8      | Reached skill level 4 in Dodging
  7992 | D:8      | Reached XP level 11. HP: 109/115 MP: 10/10
  8163 | D:8      | Reached skill level 4 in Throwing
  8413 | D:9      | Found a sparkling altar of Nemelex Xobeh.
  8483 | D:9      | HP: 28/112 [poisoned by an orc]
  8488 | D:9      | HP: 26/112 [poisoned by an orc]
  8671 | D:9      | Identified the +8 dagger "Aczotracu" {drain, Will+}
  8716 | D:9      | You add the spells Olgreb's Toxic Radiance, Ignition and
                  | Discord to your library.
  8802 | D:9      | You pick up a book of Changes and begin reading...
  8802 | D:9      | You add the spells Wereblood and Irradiate to your library.
  9125 | D:10     | Entered Level 10 of the Dungeon
  9126 | D:10     | magus.rc [v1.10.3]
  9148 | D:10     | Noticed a two-headed ogre
  9160 | D:10     | Killed a two-headed ogre
  9277 | D:10     | Reached skill level 10 in Fighting
  9277 | D:10     | Reached skill level 5 in Throwing
  9397 | D:10     | Noticed a two-headed ogre
  9402 | D:10     | Killed a two-headed ogre
  9490 | D:10     | Reached skill level 12 in Unarmed Combat
  9598 | D:10     | Found a staircase to the Orcish Mines.
  9728 | D:10     | Found a hazy altar of Hepliaklqana.
  9731 | D:10     | Found a sacrificial altar of Ru.
  9733 | D:10     | Found a faded altar of an unknown god.
  9734 | D:10     | Found a stormy altar of Qazlal.
  9738 | D:10     | Found a blossoming altar of Fedhas.
  9809 | D:10     | Noticed Joseph
  9819 | D:10     | Killed Joseph
  9819 | D:10     | Reached ***** piety under Wu Jian
  9882 | D:10     | magus.rc [v1.10.3]
  9982 | D:11     | Noticed a boulder beetle
  9994 | D:11     | Killed a boulder beetle
 10062 | D:11     | Found a staircase to the Lair.
 10142 | D:11     | Reached skill level 11 in Fighting
 10244 | D:11     | Noticed a two-headed ogre
 10253 | D:11     | Killed a two-headed ogre
 10254 | D:11     | Reached skill level 13 in Unarmed Combat
 10254 | D:11     | Reached XP level 12. HP: 74/130 MP: 11/11
 10314 | D:11     | Noticed a two-headed ogre
 10317 | D:11     | Killed a two-headed ogre
 10349 | D:11     | Noticed Lodul
 10389 | D:11     | Killed Lodul
 10767 | D:12     | Reached skill level 14 in Unarmed Combat
 10816 | D:12     | Reached skill level 12 in Fighting
 10840 | D:12     | Noticed a two-headed ogre
 10863 | D:12     | Killed a two-headed ogre
 10872 | D:12     | HP: 33/132 [yak (13)]
 10969 | D:11     | magus.rc [v1.10.3]
 10970 | Lair:1   | Entered Level 1 of the Lair of Beasts
 11185 | D:3      | Bought an amulet of regeneration for 360 gold pieces
 11376 | Lair:1   | Found a transporter.
 11405 | Lair:1   | Noticed Nyony's ghost (journeyman TrSh)
 11423 | Lair:1   | Found a transporter.
 11544 | Lair:1   | Found an opulent altar of Gozag.
 11570 | Lair:1   | Noticed Grum
 11573 | Lair:1   | Killed Grum
 11631 | Lair:1   | Noticed a death yak
 11631 | Lair:1   | Noticed a death yak
 11632 | Lair:1   | Noticed a death yak
 11633 | Lair:1   | Noticed a death yak
 11633 | Lair:1   | Noticed a death yak
 11633 | Lair:1   | Noticed a death yak
 11649 | Lair:1   | Killed a death yak
 11658 | Lair:1   | Killed a death yak
 11666 | Lair:1   | Killed a death yak
 11705 | Lair:1   | Killed a death yak
 11706 | Lair:1   | Reached XP level 13. HP: 124/141 MP: 12/12
 11918 | Lair:1   | You pick up a book of Scorching and begin reading...
 11918 | Lair:1   | You add the spells Scorch, Flame Wave and Summon Cactus
                  | Giant to your library.
 11939 | Lair:1   | You pick up a book of Storms and begin reading...
 11939 | Lair:1   | You add the spells Static Discharge, Airstrike and Summon
                  | Lightning Spire to your library.
 12025 | Lair:1   | Reached skill level 15 in Unarmed Combat
 12271 | Lair:2   | Noticed Gastronok
 12295 | Lair:2   | Killed Gastronok
 12296 | Lair:2   | Reached skill level 13 in Fighting
 12396 | Lair:2   | Found a staircase to the Shoals.
 12402 | Lair:2   | You pick up a book of Debilitation and begin reading...
 12402 | Lair:2   | You add the spells Slow, Sigil of Binding, Vampiric
                  | Draining and Confusing Touch to your library.
 12863 | Lair:2   | Noticed Prince Ribbit
 12880 | Lair:2   | Killed Prince Ribbit
 12889 | Lair:2   | Reached ****** piety under Wu Jian
 13153 | Lair:2   | Reached skill level 16 in Unarmed Combat
 13270 | Lair:2   | Reached skill level 14 in Fighting
 13284 | Lair:2   | You add the spells Haunt, Borgnjor's Revivification and
                  | Death's Door to your library.
 13500 | Lair:2   | HP: 27/146 [12-headed hydra (10)]
 13824 | Lair:3   | Found a staircase to the Snake Pit.
 13870 | Lair:3   | Reached XP level 14. HP: 126/157 MP: 13/13
 14197 | Lair:4   | Reached skill level 6 in Throwing
 14796 | Lair:4   | Reached skill level 7 in Throwing
 14968 | Lair:4   | Identified the +2 leather armour "Puhihaeluh" {rElec Str-4
                  | SInv}
 15097 | Lair:5   | Entered Level 5 of the Lair of Beasts
 15178 | Lair:5   | Reached skill level 15 in Fighting
 15265 | Lair:5   | You pick up a book of Scorching and begin reading...
 15324 | Lair:5   | Found a viscous altar of Jiyva.
 15324 | Lair:5   | Found a staircase to the Slime Pits.
 15450 | Lair:5   | Identified the amulet "Gantouse" {RegenMP rCorr Dex-2 SInv}
 15493 | Lair:5   | HP: 37/159 [poisoned by a black mamba]
 15498 | Lair:5   | HP: 28/159 [poisoned by a black mamba]
 15503 | Lair:5   | HP: 31/159 [poisoned by a black mamba]
 15613 | Lair:5   | Reached skill level 5 in Dodging
 15670 | Lair:5   | Identified the +1 halberd of Shrieking Terror {freeze,
                  | rElec Str+2}
 15795 | Lair:5   | Reached skill level 8 in Throwing
 15903 | Lair:5   | HP: 33/159 [polar bear (22)]
 16038 | Lair:5   | Identified the +1 sling "Gyniysom" {heavy, rElec}
 16113 | Lair:5   | You pick up a book of the Tundra and begin reading...
 16113 | Lair:5   | You add the spells Summon Ice Beast and Simulacrum to your
                  | library.
 16160 | Lair:5   | Reached skill level 6 in Dodging
 16286 | Lair:5   | Reached XP level 15. HP: 142/167 MP: 14/14
 16361 | Lair:5   | Found a transporter.
 16361 | Lair:5   | Found a transporter.
 16671 | Lair:1   | Killed Nyony's ghost
 16672 | Lair:1   | Reached skill level 9 in Throwing
 16805 | Orc:1    | Entered Level 1 of the Orcish Mines
 16954 | Orc:1    | a two-headed ogre comes into view. It is wielding the +10
                  | dark maul {heavy} and a +1 heavy dire flail.
 16964 | Orc:1    | Here: a two-headed ogre, wielding the +10 dark maul {heavy}
                  | and a +1 heavy dire flail (moderately wounded)
 16972 | Orc:1    | Aim: a two-headed ogre, wielding the +10 dark maul {heavy}
                  | and a +1 heavy dire flail (moderately wounded, 82% to hit)
 16972 | Orc:1    | Aim: a two-headed ogre, wielding the +10 dark maul {heavy}
                  | and a +1 heavy dire flail (moderately wounded, 82% to hit)
 16973 | Orc:1    | Aim: a two-headed ogre, wielding the +10 dark maul {heavy}
                  | and a +1 heavy dire flail (moderately wounded, 82% to hit)
 16973 | Orc:1    | Aim: a two-headed ogre, wielding the +10 dark maul {heavy}
                  | and a +1 heavy dire flail (moderately wounded, 82% to hit)
 16991 | Orc:1    | Aim: a two-headed ogre, wielding the +10 dark maul {heavy}
                  | and a +1 heavy dire flail (moderately wounded, 82% to hit)
 16991 | Orc:1    | Aim: a two-headed ogre, wielding the +10 dark maul {heavy}
                  | and a +1 heavy dire flail (moderately wounded, 82% to hit)
 16992 | Orc:1    | Aim: a two-headed ogre, wielding the +10 dark maul {heavy}
                  | and a +1 heavy dire flail (moderately wounded, 82% to hit)
 16992 | Orc:1    | Aim: a two-headed ogre, wielding the +10 dark maul {heavy}
                  | and a +1 heavy dire flail (moderately wounded, 82% to hit)
 17160 | Orc:1    | Found Zunysmab's Antique Armour Shop.
 17168 | Orc:1    | Bought a glowing hat for 189 gold pieces
 17432 | Orc:2    | Entered Level 2 of the Orcish Mines
 17502 | Orc:2    | Found a gate leading to a gauntlet.
 17592 | Gauntlet | Entered a Gauntlet
 17592 | Gauntlet | Found a transporter.
 17612 | Gauntlet | Found a transporter.
 17620 | Gauntlet | Found a transporter.
 17628 | Gauntlet | Found a transporter.
 17651 | Gauntlet | Found a transporter.
 17669 | Gauntlet | Found a transporter.
 17682 | Gauntlet | Found a transporter.
 17694 | Gauntlet | Found a transporter.
 17702 | Gauntlet | Found a large runed translucent door.
 17703 | Gauntlet | Found a large runed translucent door.
 17705 | Gauntlet | Found a runed translucent gate.
 17706 | Gauntlet | Found a transporter.
 17706 | Gauntlet | Found a runed translucent gate.
 17707 | Gauntlet | Found a runed translucent gate.
 17709 | Gauntlet | Found a large runed translucent door.
 17710 | Gauntlet | Found a large runed translucent door.
 17721 | Gauntlet | Found a transporter.
 17738 | Gauntlet | Found a large runed translucent door.
 17739 | Gauntlet | Found a large runed translucent door.
 17740 | Gauntlet | Found a large runed translucent door.
 17740 | Gauntlet | Found a large runed translucent door.
 17740 | Gauntlet | Found a runed translucent door.
 17741 | Gauntlet | Found a large runed translucent door.
 17742 | Gauntlet | Found a large runed translucent door.
 17768 | Gauntlet | Found a large runed translucent door.
 17769 | Gauntlet | Found a large runed translucent door.
 17770 | Gauntlet | Found a large runed translucent door.
 17770 | Gauntlet | Found a large runed translucent door.
 17770 | Gauntlet | Found a runed translucent door.
 17771 | Gauntlet | Found a large runed translucent door.
 17772 | Gauntlet | Found a large runed translucent door.
 17776 | Gauntlet | Found a transporter.
 17838 | Gauntlet | Found a transporter.
 17910 | Gauntlet | Found a transporter.
 17922 | Gauntlet | Found a transporter.
 17926 | Gauntlet | Found a transporter.
 17957 | Gauntlet | Found a transporter.
 17987 | Gauntlet | Found a transporter.
 18004 | Gauntlet | Found a transporter.
 18105 | Gauntlet | Reached skill level 16 in Fighting
 18121 | Gauntlet | Identified the ring of Uhukke {rPois rF+ Str-4 Int+6}
 18152 | Gauntlet | You pick up a book of Dreams and begin reading...
 18152 | Gauntlet | You add the spells Jinxbite, Ensorcelled Hibernation and
                  | Anguish to your library.
 18321 | Orc:2    | Found a staircase to the Elven Halls.
 18324 | Orc:2    | HP: 28/166 [ettin/+0 dire flail (28)]
 18583 | Orc:2    | Reached skill level 10 in Throwing
 18602 | Orc:2    | Found Avviqeme's Jewellery Boutique.
 18640 | Orc:2    | Found Noleb's Antique Weapon Shop.
 18656 | Orc:2    | magus.rc [v1.10.3]
 18660 | Orc:2    | Found an ancient bone altar of Kikubaaqudgha.
 18724 | Orc:2    | Found a radiant altar of Vehumet.
 18760 | Orc:2    | Found Veonni's Book Shop.
 18803 | Orc:2    | Found Uwuacic's Distillery.
 18813 | Orc:2    | Bought a potion of might for 52 gold pieces
 18813 | Orc:2    | Bought a potion of haste for 130 gold pieces
 18813 | Orc:2    | Bought a potion of curing for 39 gold pieces
 18813 | Orc:2    | Bought a potion of lignification for 39 gold pieces
 18842 | Orc:2    | Bought a potion of might for 52 gold pieces
 18842 | Orc:2    | Bought a potion of lignification for 39 gold pieces
 18842 | Orc:2    | Bought a potion of resistance for 130 gold pieces
 18842 | Orc:2    | Bought a potion of enlightenment for 65 gold pieces
 19274 | D:12     | Reached skill level 17 in Unarmed Combat
 19640 | D:13     | magus.rc [v1.10.3]
 20307 | D:13     | Reached skill level 18 in Unarmed Combat
 20390 | D:13     | Found a gate to the Vaults.
 20569 | D:14     | Reached XP level 16. HP: 140/179 MP: 15/15
 20745 | D:14     | Found a radiant altar of Vehumet.
 20864 | D:14     | You fall into a shaft and drop 1 floor!
 20864 | D:15     | Entered Level 15 of the Dungeon
 21059 | D:14     | Found a basalt altar of Yredelemnul.
 21255 | D:15     | Found a blossoming altar of Fedhas.
 21271 | D:15     | You pick up a book of the Senses and begin reading...
 21271 | D:15     | You add the spells Dazzling Flash, Agony and Silence to
                  | your library.
 21443 | D:15     | You pick up a book of Blasting and begin reading...
 21443 | D:15     | You add the spells Volatile Blastmotes, Fulminant Prism and
                  | Iskenderun's Mystic Blast to your library.
 21697 | D:15     | Found a staircase to the Depths.
 21971 | Vaults:5 | Identified the "Wogg"
 21971 | Vaults:5 | Identified the of Plog
 21971 | Crypt:1  | Identified the "Teto"
 21971 | Crypt:2  | Identified the of Fened
 21971 | Depths:1 | Entered Level 1 of the Depths
 21979 | Depths:1 | Noticed a sphinx
 22189 | Snake:1  | Entered Level 1 of the Snake Pit
 22631 | Snake:1  | Reached skill level 7 in Dodging
 22832 | Snake:1  | Found a transporter.
 22837 | Snake:1  | Found a transporter.
 22839 | Snake:1  | Found the macabre finger necklace {Finger+ rN+}
 22956 | Snake:1  | Found a one-way gate to the infinite horrors of the Abyss.
 23053 | Snake:1  | HP: 38/180 [shock serpent/bolt of electricity (18)]
 23054 | Snake:1  | HP: 13/180 [shock serpent/bolt of electricity (17)]
 23055 | Snake:1  | HP: 2/180 [shock serpent/bolt of electricity (22)]
 23056 | Snake:1  | Killed from afar by a shock serpent

Vanquished Creatures
  Gastronok (Lair:2)
  The ghost of Nyony the Fighter, a journeyman TrSh of Gozag (Lair:1)
  A minotaur (Gauntlet)
  2 dire elephants (Lair:5)
  2 ettins (Orc:2)
  A fire dragon (D:15)
  8 vault guards (D:13)
  An ice dragon (D:15)
  5 hydras
  Erica (D:8)
  4 anacondas (Snake:1)
  4 centaur warriors
  2 ogre magi (Orc:2)
  4 catoblepae
  4 boulder beetles
  14 two-headed ogres
  2 tengu warriors
  11 death yaks
  2 shock serpents (Snake:1)
  5 naga sharpshooters (Snake:1)
  2 skysharks (Lair:3)
  Lodul (D:11)
  A death drake (Gauntlet)
  2 naga ritualists (Snake:1)
  2 lindwurms (Lair:5)
  An orc knight (Orc:1)
  9 orc sorcerers
  A wolf spider zombie (Gauntlet)
  2 deep elf pyromancers
  2 mana vipers (Snake:1)
  6 manticores
  2 moths of wrath (Lair:1)
  An ugly thing (D:13)
  8 cyclopes
  A salamander (Lair:3)
  Joseph (D:10)
  2 unseen horrors
  A gargoyle (D:12)
  18 black mambas
  A naga mage (Snake:1)
  A smoke demon (Gauntlet)
  Maggie (D:8)
  11 cane toads
  4 rime drakes
  2 efreet
  5 tengu conjurers
  A minotaur zombie (D:14)
  7 komodo dragons
  A kobold demonologist (D:12)
  2 freezing wraiths (D:14)
  A hydra zombie (D:14)
  A red devil (Gauntlet)
  2 queen bees
  Prince Ribbit (Lair:2)
  4 trolls
  3 hornets
  12 polar bears
  12 blink frogs
  12 dream sheep
  4 raiju (Lair:5)
  A meliai zombie (D:14)
  A culicivora (shapeshifter) (D:12)
  5 shadows
  7 slime creatures
  8 wyverns
  2 vampires (D:11)
  3 wraiths
  65 yaks
  Grum (Lair:1)
  11 basilisks
  2 steam dragons
  4 vampire mosquitoes (D:15)
  A large abomination (D:14)
  9 nagas (Snake:1)
  7 wargs
  2 acid dragons
  13 hell hounds (Lair:5)
  27 orc warriors
  18 water moccasins
  13 black bears
  11 ogres
  2 elephant zombies (D:14)
  20 centaurs
  2 boggarts (D:15)
  42 wolves
  A tengu (shapeshifter) (D:13)
  A phantom (D:7)
  10 bullfrogs
  A kobold brigand (D:6)
  A necrophage (D:4)
  2 gnoll sergeants
  4 scorpions
  16 wights
  2 spriggan zombies (D:14)
  60 killer bees
  6 howler monkeys
  4 wolf zombies (D:14)
  5 crimson imps
  16 centaur zombies
  5 hounds
  3 lava snakes (Lair:3)
  A human zombie (D:4)
  13 orc priests
  3 gnoll boudas
  3 sleepcaps
  3 iguanas
  29 orc wizards
  3 hound zombies (D:4)
  A mummy (D:4)
  A howler monkey zombie (D:11)
  18 gnolls
  A river rat (Lair:2)
  13 adders
  A white imp (D:7)
  2 ufetubi (D:6)
  2 adder zombies (D:4)
  A dart slug (D:2)
  102 orcs
  9 endoplasms
  8 giant cockroaches
  11 goblins
  5 hobgoblins
  7 jackals
  8 kobolds
  2 quokkas
  11 ball pythons
  5 bats
  2 frilled lizards
  A rat (D:2)
906 creatures vanquished.

Vanquished Creatures (collateral kills)
  A shadow (D:7)
1 creature vanquished.

Vanquished Creatures (others)
  A black mamba (Snake:1)
  A boggart (D:15)
  A killer bee (Lair:2)
  2 orcs
5 creatures vanquished.

Grand Total: 912 creatures vanquished

Table legend:
 A = Non-vault XP
 B = Vault XP
 C = Vault XP percentage of total XP
 D = Non-vault monster count
 E = Vault monster count
 F = Vault count percentage of total count
                 A         B        C        D         E       F
            +---------+---------+-------+---------+---------+-------
      Total |  103327 |   82605 |  44.4 |     532 |     376 |  41.4
            +---------+---------+-------+---------+---------+-------
        D:1 |      46 |       0 |   0.0 |      26 |       0 |   0.0
        D:2 |      60 |       0 |   0.0 |      14 |       0 |   0.0
        D:3 |     146 |      50 |  25.5 |      26 |       1 |   3.7
        D:4 |     316 |     434 |  57.9 |      24 |      13 |  35.1
        D:5 |     855 |       0 |   0.0 |      18 |       0 |   0.0
        D:6 |     685 |      15 |   2.1 |      26 |       5 |  16.1
        D:7 |     715 |    1733 |  70.8 |      15 |       7 |  31.8
        D:8 |    2832 |    1261 |  30.8 |      41 |       2 |   4.7
        D:9 |    1350 |       0 |   0.0 |      21 |       0 |   0.0
       D:10 |    4200 |    2659 |  38.8 |      25 |      33 |  56.9
       D:11 |    2917 |    9321 |  76.2 |       5 |      34 |  87.2
       D:12 |    7519 |    2876 |  27.7 |      26 |       5 |  16.1
       D:13 |    6857 |    6906 |  50.2 |      16 |       8 |  33.3
       D:14 |    5446 |    1805 |  24.9 |      11 |      15 |  57.7
       D:15 |    6362 |    1755 |  21.6 |      19 |       2 |   9.5
     Lair:1 |    9891 |    3846 |  28.0 |      24 |      14 |  36.8
     Lair:2 |    7770 |    8119 |  51.1 |      26 |      54 |  67.5
     Lair:3 |    7751 |    1092 |  12.3 |      31 |       7 |  18.4
     Lair:4 |    6033 |    2214 |  26.8 |      24 |      10 |  29.4
     Lair:5 |    7849 |   18764 |  70.5 |      24 |      74 |  75.5
    Snake:1 |   18524 |       0 |   0.0 |      38 |       0 |   0.0
      Orc:1 |    1964 |    5317 |  73.0 |      26 |       7 |  21.2
      Orc:2 |    3239 |    6889 |  68.0 |      26 |      33 |  55.9
     Bailey |       0 |    2300 | 100.0 |       0 |      39 | 100.0
   Gauntlet |       0 |    5249 | 100.0 |       0 |      13 | 100.0
            +---------+---------+-------+---------+---------+-------

Skill      XL: |  1  2  3  4  5  6  7  8  9 10 11 12 13 14 15 16 |
---------------+-------------------------------------------------+-----
Fighting       | 1 2 3 4 5 6 8 9 11 12 14 15 16 | 16.4
Unarmed Combat | 1 2 3 4 5 6 8 10 11 13 14 16 18 | 18.5
Dodging        | 4 6 7 |  7.2
Throwing       | 3 5 8 10 | 10.8
Stealth        | |  0.3
Evocations     | |  2.1
Shapeshifting  | |  0.7

Action                     |  1- 3 |  4- 6 |  7- 9 | 10-12 | 13-15 | 16-18 || total
---------------------------+-------+-------+-------+-------+-------+-------++-------
  Melee: Unarmed           |   178 |   129 |   233 |   573 |  1246 |   244 ||  2603
         Punch             |     2 |     1 |     7 |    42 |   134 |    30 ||   216
         Dagger            |       |       |     5 |       |       |       ||     5
         Bardiche          |       |       |       |     8 |       |       ||     8
  Throw: Dart              |       |       |       |    14 |    15 |     3 ||    32
         Boomerang         |       |       |       |     5 |    20 |     3 ||    28
         Javelin           |       |       |       |       |    12 |       ||    12
 Invoke: Serpent's Lash    |       |       |       |    10 |    17 |     3 ||    30
Ability: Lunge             |       |     5 |    33 |    66 |   124 |    26 ||   254
         Whirlwind         |       |       |    24 |    38 |   142 |    11 ||   215
  Evoke: Wand              |       |       |     5 |     3 |     5 |     2 ||    15
    Use: Scroll            |       |     1 |     9 |     6 |    16 |     4 ||    36
         Potion            |       |       |       |     1 |       |     2 ||     3
   Stab: Sleeping          |     1 |     3 |     6 |     1 |     6 |     2 ||    19
         Distracted        |       |       |       |     2 |     3 |       ||     5
         Petrified         |       |       |       |       |     3 |       ||     3
 Armour: Robe              |    77 |    76 |   161 |   449 |   952 |   213 ||  1928
  Dodge: Dodged            |    50 |    49 |   108 |   271 |   593 |   122 ||  1193

Illustrated notes

Table legend:
 A = Kills in this place as a percentage of kills in the entire game.
 B = Kills by you in this place as a percentage of kills by you in the entire game.
 C = Kills by friends in this place as a percentage of kills by friends in the entire game.
 D = Other kills in this place as a percentage of other kills in the entire game.
 E = Experience gained in this place as a percentage of experience gained in the entire game.
 F = Experience gained in this place divided by the number of levels of this place that you have seen.
                   A       B       C       D       E      F
               +-------+-------+-------+-------+-------+----------------------
         Total | 100.0 | 100.0 | 100.0 | 100.0 | 100.0 | 6886.4
       Dungeon |  48.2 |  48.2 | 100.0 |   0.0 |  37.2 | 4608.1
          Lair |  31.7 |  31.8 |   0.0 |   0.0 |  39.4 | 14665.8
     Snake Pit |   4.2 |   4.1 |   0.0 | 100.0 |  10.0 | 18524.0
  Orcish Mines |  10.1 |  10.2 |   0.0 |   0.0 |   9.4 | 8704.5
        Bailey |   4.3 |   4.3 |   0.0 |   0.0 |   1.2 | 2300.0
      Gauntlet |   1.4 |   1.4 |   0.0 |   0.0 |   2.8 | 5249.0
               +-------+-------+-------+-------+-------+----------------------

Table legend: (Time is in decaauts)
 A = Elapsed time spent in this place.
 B = Non-inter-level travel time spent in this place.
 C = Inter-level travel time spent in this place.
 D = Time resting spent in this place.
 E = Time spent auto-exploring this place.
 F = Levels seen in this place.
 G = Mean time per level.
                   A        B        C        D        E       F      G
               +--------+--------+--------+--------+--------+-----+--------+
         Total |  22630 |  20335 |   2295 |   1513 |   7916 |  27 |  838.1 |
       Dungeon |  13315 |  12011 |   1304 |    547 |   6734 |  15 |  887.7 |
        Temple |    138 |    138 |      0 |    100 |      0 |   1 |  138.0 |
          Lair |   5316 |   4406 |    910 |    491 |    147 |   5 | 1063.2 |
     Snake Pit |    835 |    835 |      0 |    168 |    289 |   1 |  835.0 |
  Orcish Mines |   1435 |   1354 |     81 |     64 |    346 |   2 |  717.5 |
        Depths |     15 |     15 |      0 |      0 |      0 |   1 |   15.0 |
        Bailey |    953 |    953 |      0 |    141 |    345 |   1 |  953.0 |
      Gauntlet |    620 |    620 |      0 |      2 |     55 |   1 |  620.0 |
               +--------+--------+--------+--------+--------+-----+--------+

Top non-repeatable levels by time:
  Lair:5: 1264 daAuts
  Lair:1: 1256 daAuts
  Lair:2: 1249 daAuts
     D:5: 1190 daAuts
     D:4: 1060 daAuts
    D:11: 1035 daAuts
    D:10: 1018 daAuts
     D:8: 989 daAuts
  Bailey: 953 daAuts
     D:3: 916 daAuts
    D:13: 880 daAuts
  Lair:4: 867 daAuts
     D:1: 844 daAuts
 Snake:1: 835 daAuts
     D:2: 832 daAuts
